 Dungeon Crawl Stone Soup version 0.31-a0-1570-g93c622d222 (webtiles) character file.

Game seed: 224686625043746638

198 Curundu the Trooper (level 5, -6/47 HPs)
             Began as a Minotaur Berserker on Jan 3, 2024.
             Was a Priest of Trog.
             Mangled by Duvessa
             ... wielding a +0 short sword
              (7 damage)
             ... on level 4 of the Dungeon.
             The game lasted 00:09:57 (1969 turns).

Curundu the Trooper (Minotaur Berserker)            Turns: 1969, Time: 00:09:58

Health: -6/47      AC:  8    Str: 23    XL:     5   Next: 47%
Magic:  4/4        EV: 11    Int:  4    God:    Trog [***...]
Gold:   240        SH:  0    Dex: 10    Spells: 4/4 levels left

rFire   . . .        a - +0 hand axe
rCold   . . .        (no shield)
rNeg    . . .        q - +0 scale mail
rPois   .            (helmet restricted)
rElec   .            (no cloak)
rCorr   .            (no gloves)
SInv    .            k - +0 pair of boots
Will    ++...        (no amulet) Stlth
                     (no ring)
HPRegen 1.27/turn    (no ring)
MPRegen 0.09/turn

%: no passive effects
@: strong-willed, regenerating
A: horns 2, retaliatory headbutt
a: Renounce Religion, Berserk, Trog's Hand


You were on level 4 of the Dungeon.
You worshipped Trog.
Trog was most pleased with you.
You visited 1 branch of the dungeon, and saw 4 of its levels.

You collected 240 gold pieces.

Inventory:

Hand Weapons
 a - a +0 hand axe (weapon)
Missiles
 e - 4 javelins
 m - 14 poisoned darts
 o - a throwing net
Armour
 b - a +0 animal skin
 k - a +0 pair of boots (worn)
 q - a +0 scale mail (worn)
Jewellery
 i - a +6 ring of dexterity
 r - a +6 ring of dexterity
Scrolls
 d - 4 scrolls of teleportation {unknown}
 f - 2 scrolls of silence {unknown}
 g - a scroll of poison {unknown}
 h - a scroll of noise {unknown}
 l - 3 scrolls of immolation {unknown}
 s - 2 scrolls of identify {unknown}
 t - a scroll of vulnerability {unknown}
 v - a scroll of revelation {unknown}
Potions
 c - 2 potions of magic {unknown}
 j - 4 potions of ambrosia {unknown}
 n - a potion of resistance {unknown}
 p - a potion of enlightenment {unknown}
 u - 2 potions of brilliance {unknown}
 w - a potion of berserk rage {unknown}
 x - a potion of cancellation {unknown}


   Skills:
 + Level 4.8 Fighting
 + Level 4.8 Axes
 + Level 4.1 Armour
 + Level 3.6 Dodging


You had 4 spell levels left.
You didn't know any spells.
Your spell library was empty.

Dungeon Overview and Level Annotations

Branches:
Dungeon (4/15)
 Temple: D:4-7

Altars:
Cheibriados
Dithmenos

Shops:
D:1 !*

Annotations:
D:4 Dowan, Duvessa


Innate Abilities, Weirdness & Mutations

You have a pair of horns on your head.
You reflexively headbutt those who attack you in melee.


Message History

You feel strong-willed.
Dowan mumbles some strange words.
Dowan blinks!
Duvessa hits you with a +0 short sword.
* * * LOW HITPOINT WARNING * * *
You hit Duvessa. Your headbutt misses Duvessa.
Duvessa is heavily wounded.
Duvessa closely misses you. x2
You barely miss Duvessa.
Duvessa is heavily wounded.
Duvessa barely misses you. Duvessa closely misses you.
You hit Duvessa but do no damage.
Duvessa is heavily wounded.
Duvessa hits you with a +0 short sword.
* * * LOW HITPOINT WARNING * * *
You hit Duvessa but do no damage.
Duvessa is heavily wounded.
Duvessa barely misses you. Duvessa hits you but does no damage.
Dowan mumbles some strange words.
Dowan blinks!
You hit Duvessa.
Duvessa is heavily wounded.
Duvessa closely misses you.
You hit Duvessa. You headbutt Duvessa.
Duvessa is severely wounded.
Duvessa hits you with a +0 short sword.
* * * LOW HITPOINT WARNING * * *
Duvessa hits you but does no damage.
You hit Duvessa but do no damage.
Duvessa is severely wounded.
Duvessa barely misses you. Duvessa hits you with a +0 short sword.
* * * LOW HITPOINT WARNING * * *
You barely miss Duvessa. Your headbutt misses Duvessa.
Duvessa is severely wounded.
Duvessa hits you but does no damage.
You barely miss Duvessa.
Duvessa is severely wounded.
Duvessa hits you with a +0 short sword.
* * * LOW HITPOINT WARNING * * *
Duvessa hits you with a +0 short sword!
You die...

#..≈†..~.....#####.....##....#
#
#..~♣.~..##......#....####.###
..#≈.♣...~~~..# #.#....####.#
.....(..~.~~..####.#####.....#
....≈~≈~.~~~♣~...##.#####....##
.....≈.♣~♣~...##..#..........#
...........##.###..#####.....#
<.....!....#..####<#####.....#
.............ee@............#
....?.......#####...........#
...<.......## #............#
.....>..#.## #...........##
##.######.# #.........>.# #.
#.# ##.........## # ..#
##...#...## .## #########


You could see Duvessa (fast) and Dowan.

Vanquished Creatures
  A bombardier beetle (D:4)
  A hound (D:4)
  4 gnolls (D:2)
  An adder (D:2)
  2 dart slugs
  3 ribbon worms
  8 ball pythons
  4 endoplasms
  3 giant cockroaches
  6 goblins
  5 hobgoblins
  3 jackals (D:3)
  2 quokkas (D:2)
  10 bats
  4 frilled lizards
  6 kobolds
  10 rats
73 creatures vanquished.

Notes
Turn   | Place    | Note
-------+----------+-------------------------------------------
     0 | D:1      | Curundu the Minotaur Berserker began the quest for the Orb.
     0 | D:1      | Reached XP level 1. HP: 19/19 MP: 0/0
    24 | D:1      | Found Ypenix's General Store.
   135 | D:1      | Found a faded altar of an unknown god.
   143 | D:1      | Reached XP level 2. HP: 12/27 MP: 1/1
   301 | D:1      | Found Kaugosmiqir's Distillery.
   630 | D:2      | Reached XP level 3. HP: 18/33 MP: 2/2
   792 | D:2      | Reached ** piety under Trog
   894 | D:2      | Reached XP level 4. HP: 25/41 MP: 3/3
  1435 | D:3      | Found a shadowy altar of Dithmenos.
  1441 | D:3      | Found a snail-covered altar of Cheibriados.
  1529 | D:3      | Reached *** piety under Trog
  1843 | D:4      | Reached XP level 5. HP: 40/47 MP: 4/4
  1938 | D:4      | Noticed Dowan
  1940 | D:4      | Noticed Duvessa
  1969 | D:4      | HP: 1/47 [Duvessa/+0 short sword (6)]
  1969 | D:4      | Mangled by Duvessa

Illustrated notes

Levels and vault maps discovered:
D:1:      scummos_arrival_checkerplants, layout_rooms,
          hellmonk_ecumenical_altar_pennies_from_heaven, serial_shops, shop,
          shop
D:2:      layout_rooms, minmay_diced_spiral
D:3:      layout_rooms, amcnicky_altar_gilded, kennysheep_slug_shrine
D:4:      layout_rooms, temple_pool_b, nicolae_ossuary_entry_ruins,
          chequers_serial_rivers_marsh, uniq_duvessa

Skill      XL: |  1  2  3  4  5 |
---------------+----------------+-----
Fighting       | 4 |  4.8
Axes           | 4 |  4.8
Armour         | 3 4 |  4.1
Dodging        | 3 |  3.6

Action                     |  1- 3 |  4- 6 || total
---------------------------+-------+-------++-------
  Melee: Hand axe          |    79 |    91 ||   170
         Headbutt          |    11 |    18 ||    29
 Invoke: Trog's Hand       |       |     1 ||     1
 Armour: Animal skin       |    42 |    14 ||    56
         Scale mail        |       |    67 ||    67
  Dodge: Dodged            |    61 |    58 ||   119

Table legend: (Time is in decaauts)
 A = Elapsed time spent in this place.
 B = Non-inter-level travel time spent in this place.
 C = Inter-level travel time spent in this place.
 D = Time resting spent in this place.
 E = Time spent auto-exploring this place.
 F = Levels seen in this place.
 G = Mean time per level.
                   A        B        C        D        E       F      G
               +--------+--------+--------+--------+--------+-----+--------+
         Total |   1987 |   1987 |      0 |    128 |   1086 |   4 |  496.8 |
       Dungeon |   1987 |   1987 |      0 |    128 |   1086 |   4 |  496.8 |
               +--------+--------+--------+--------+--------+-----+--------+

Top non-repeatable levels by time:
     D:2: 788 daAuts
     D:1: 573 daAuts
     D:3: 476 daAuts
     D:4: 148 daAuts
